 Dungeon Crawl Stone Soup version 0.20.1-1-g8b1a95d (webtiles) character file.

195 Irenicus the Insei (level 5, -6/36 HPs)
             Began as an Octopode Chaos Knight on Oct 17, 2017.
             Killed by nerve-wracking pain
             ... invoked by an orc priest
              (14 damage)
             ... on level 3 of the Dungeon.
             The game lasted 00:03:53 (1782 turns).

Irenicus the Insei (Octopode Chaos Knight)          Turns: 1782, Time: 00:03:55

Health: -6/36      AC:  1    Str: 16    XL:     5   Next: 74%
Magic:  5/5        EV: 13    Int: 14    God:    Xom [....*.]
Gold:   209        SH:  0    Dex: 13    Spells: 4/4 levels left

rFire    . . .     SeeInvis .     - Unarmed
rCold    . . .     Gourm    .   (no shield)
rNeg     . . .     Faith    .   (helmet restricted)
rPois    .         Spirit   .   (no amulet)
rElec    .         Reflect  .   d - ring of loudness (curse)
rCorr    .         Harm     .   e - ring of flight
MR       .....                  (no ring)
Stlth    +++.......             (no ring)
Regen    0.2/turn               (no ring)
MPRegen  0.1/turn               (no ring)
                                (no ring)
                                (no ring)

@: mighty
A: almost no armour, stealthy swim, amphibious, 8 rings, constrict 8, camouflage
1, gelatinous body 1
a: Renounce Religion, Evoke Flight


You were on level 3 of the Dungeon.
You worshipped Xom.
You were a beloved toy of Xom.
You were not hungry.

You visited 1 branch of the dungeon, and saw 3 of its levels.

You collected 209 gold pieces.

Inventory:

Jewellery
 d - a cursed ring of loudness (left tentacle)
 e - a ring of flight (right tentacle)
Scrolls
 c - 2 scrolls of remove curse {unknown}
 i - 3 scrolls of identify {unknown}
 k - a scroll of fear {unknown}
 l - a scroll of noise {unknown}
 n - a scroll of recharging {unknown}
 p - 2 scrolls of amnesia {unknown}
Potions
 b - 3 potions of might
 f - a potion of flight {unknown}
 g - a potion of lignification {unknown}
 h - a potion of mutation {unknown}
 m - a potion of curing {unknown}
 q - 2 potions of agility {unknown}
 r - a potion of invisibility {unknown}
Comestibles
 a - 2 bread rations
 j - 2 royal jellies
 o - a meat ration


   Skills:
 - Level 3.0 Fighting
 - Level 2.3 Dodging
 + Level 1.7 Stealth
 - Level 6.0 Unarmed Combat


You had 4 spell levels left.
You didn't know any spells.

Dungeon Overview and Level Annotations

Branches:
Dungeon (3/15)

Altars:
Okawaru


Innate Abilities, Weirdness & Mutations

You cannot wear most types of armour.
You are very stealthy in the water. (Stealth+)
You are amphibious.
You can wear up to eight rings at the same time.
You can use your tentacles to constrict eight enemies at once.
Your skin changes colour to match your surroundings (Stealth+).
Your rubbery body absorbs attacks. (AC +1, EV +1)


Message History

The orc priest shouts!
The orc shouts!
The adder hisses angrily.
The orc falls through a shaft!
The shaft crumbles and collapses.
A rat comes into view.
You tentacle-slap the orc priest. Your grab misses the orc priest.
The orc priest is lightly wounded.
The orc priest closely misses you.
You barely miss the adder. Your grab misses the adder. The adder misses you.
You tentacle-slap the orc priest. Your grab misses the orc priest.
The orc priest is lightly wounded.
The adder bites you.
The orc priest hits you with a war axe of chopping!
* * * LOW HITPOINT WARNING * * *
x2 The adder bites you but does no damage.
It was a potion of might.
You feel very mighty all of a sudden.
Xom thinks this is hilarious!
The orc priest calls down the wrath of Beogh upon you.
Pain shoots through your body!
You die...
Xom cackles wildly!

≈.≈ #≈.≈# #≈.≈# #≈..
≈.≈###≈.≈###≈.≈###≈†. ≈
≈.≈≈≈≈≈.≈≈≈≈≈.≈≈≈≈≈.# ..
...................# ≈≈
.≈≈≈≈≈.≈≈≈≈≈.≈≈≈≈≈†. #≈
≈###≈.≈###≈.≈###≈.. #≈.
#≈.≈# #≈.≈# #≈..
###≈.≈###≈.≈###≈.≈###≈.)
≈≈≈≈.≈≈@≈≈.≈≈≈≈≈.≈≈≈≈≈..
....ogoS...............#
≈≈≈≈.≈≈≈≈≈.≈≈≈≈≈.≈≈≈≈≈..
###≈.≈###≈.≈###≈.≈###≈.#
#≈.≈ #≈.≈# #≈.≈# #≈..
#≈r≈ #≈.≈# #≈.≈# #≈.#
≈≈≈. ≈≈.≈≈≈≈≈.≈≈ ≈≈.#
..$. ......... ..#


You could see an orc priest, an adder, an orc, a goblin and a rat.

Vanquished Creatures
  A big kobold (D:3)
  4 adders
  2 oozes
  3 worms
  3 dart slugs
  3 leopard geckos
  An orc (D:2)
  2 giant cockroaches
  6 goblins
  7 hobgoblins
  A jackal (D:1)
  10 kobolds
  A quokka (D:2)
  A ball python (D:1)
  12 bats
  5 frilled lizards
  5 rats
67 creatures vanquished.

Notes
Turn   | Place    | Note
-------+----------+-------------------------------------------
     0 | D:1      | Irenicus the Octopode Chaos Knight began the quest for the Orb.
     0 | D:1      | Reached XP level 1. HP: 16/16 MP: 1/1
    51 | D:1      | Reached XP level 2. HP: 12/21 MP: 2/2
   277 | D:1      | Reached skill level 4 in Unarmed Combat
   344 | D:1      | Reached XP level 3. HP: 14/26 MP: 3/3
   566 | D:2      | XOM: noise
   568 | D:2      | XOM: potion effect (brilliance)
   714 | D:2      | Reached XP level 4. HP: 14/31 MP: 4/4
  1015 | D:2      | Reached skill level 5 in Unarmed Combat
  1103 | D:2      | Found an iron altar of Okawaru.
  1110 | D:2      | XOM: mild Air miscast
  1472 | D:2      | XOM: god gift: 58 gold pieces
  1540 | D:3      | Noticed a big kobold
  1553 | D:3      | Killed a big kobold
  1553 | D:3      | Reached skill level 6 in Unarmed Combat
  1553 | D:3      | Reached XP level 5. HP: 21/36 MP: 5/5
  1653 | D:3      | Reached skill level 1 in Stealth
  1782 | D:3      | Killed from afar by an orc priest

Skill      XL: |  1  2  3  4  5 |
---------------+----------------+-----
Unarmed Combat | 4 6 |  6.0
Stealth        | 1 |  1.7
Fighting       | |  3.0
Dodging        | |  2.3

Action                   |  1- 3 |  4- 6 || total
-------------------------+-------+-------++-------
Melee: Unarmed           |    74 |    81 ||   155
       Constrict         |    19 |    21 ||    40
       Tentacles         |     9 |    16 ||    25
       Punch             |       |     3 ||     3
  Use: Potion            |       |     1 ||     1
 Stab: Sleeping          |     3 |     1 ||     4
  Eat: Chunk             |       |     3 ||     3
Armor: Skin              |     5 |     7 ||    12
Dodge: Dodged            |    45 |    55 ||   100
